 Dungeon Crawl Stone Soup version 0.17.0-18-gaab0e96 (webtiles) character file.

517 4thArraOfDagon the Ruffian (level 7, -2/62 HPs)
             Began as a Minotaur Monk on Nov 11, 2015.
             Was a Follower of Cheibriados (penitent).
             Slain by an orc warrior
             ... wielding a +0 flail
              (15 damage)
             ... on level 7 of the Dungeon.
             The game lasted 00:05:24 (882 turns).

4thArraOfDagon the Ruffian (Minotaur Monk)           Turns: 882, Time: 00:05:24

Health: -2/62      AC:  9    Str: 16    XL:     7   Next: 0%
Magic:  6/6        EV:  8    Int:  9    God:    Cheibriados [*]
Gold:   112        SH:  0    Dex: 12    Spells: 0 memorised, 6 levels left

rFire  . . .     SeeInvis .       - Unarmed
rCold  . . .     Clarity  .     h - +1 chain mail
rNeg   . . .     SustAt   .     (no shield)
rPois  .         Gourm    .     (helmet restricted)
rElec  .         Spirit   .     (no cloak)
rCorr  .         Warding  .     (no gloves)
rMut   .         Stasis   .     (no boots)
MR     .....                    (no amulet)
Stlth  ..........               (no ring)
                                (no ring)

@: hasted, quick, not resistant to hostile enchantments, extremely unstealthy
A: retaliatory headbutt, horns 2
a: Renounce Religion


You were on level 7 of the Dungeon.
You worshipped Cheibriados.
Cheibriados was demanding penance.
You were not hungry.

You visited 1 branch of the dungeon, and saw 7 of its levels.

You collected 112 gold pieces.

Inventory:

Armour
 h - a +1 chain mail (worn)
Wands
 a - a wand of draining (0)
 e - a wand of teleportation (0)
Scrolls
 c - a scroll of fear
Comestibles
 b - a bread ration
 f - 2 chunks of flesh


   Skills:
 + Level 5.8 Fighting
 + Level 5.0 Dodging
 - Level 1.5 Stealth
 * Level 7.1 Unarmed Combat
 + Level 1.1 Invocations


You had 6 spell levels left.
You didn't know any spells.

Dungeon Overview and Level Annotations

Branches:
Dungeon (7/15)
 Temple: D:4-7

Altars:
Ashenzari
Cheibriados
Kikubaaqudgha
Makhleb
Nemelex Xobeh
Qazlal
Ru

Annotations:
D:5 Anothat's ghost, novice GrFi; Dowan; Duvessa


Innate Abilities, Weirdness & Mutations

You reflexively headbutt those who attack you in melee.
You have a pair of horns on your head.


Message History

* * * LOW HITPOINT WARNING * * *
The orc warrior hits you with a flail.
* * * LOW HITPOINT WARNING * * *
Unknown command.
You barely miss the orc warrior. Your headbutt misses the orc warrior.
The orc warrior is lightly wounded.
The orc hits you but does no damage.
The orc priest hits you but does no damage.
Unknown command.
Unknown command.
Drink which item? (? for menu, Esc to quit)
Okay, then.
Drink which item? (? for menu, Esc to quit)
You feel yourself speed up.
Cheibriados thinks you should slow down.
You feel extremely guilty.
Cheibriados reduces the support of your attributes as your movement quickens. "You will pay for your transgression, mortal!"
The orc warrior hits you with a flail!
You die...

###############o##..
#............o.o.#..
#..........<.#o..#..
#............#...'..
#..o.o.##...#..###..
#......########(.o..
#.......# #.....
#####(### #.....
#..@o.(.# #.....
#..oo...# #.....
#.......# ######
#.......# #.......#
#.......# #######.#
#<.....# #......#


You could see an orc warrior, an orc priest and an orc.

Vanquished Creatures
  A hippogriff (D:7)
  A sky beast (D:7)
  An ogre (D:6)
  A water moccasin zombie (D:6)
  A giant frog skeleton (D:6)
  An orc priest (D:6)
  A worker ant (D:4)
  4 adders
  An adder skeleton (D:7)
  A worm (D:3)
  An orc (D:6)
  2 ball pythons
  A giant cockroach (D:3)
  2 goblins (D:2)
  4 hobgoblins
  6 jackals
  5 kobolds
  A bat (D:2)
  A quokka skeleton (D:6)
  A quokka zombie (D:6)
37 creatures vanquished.

Notes
Turn   | Place    | Note
--------------------------------------------------------------
     0 | D:1      | 4thArraOfDagon the Minotaur Monk began the quest for the Orb.
     0 | D:1      | Reached XP level 1. HP: 19/19 MP: 0/0
   124 | D:2      | Reached XP level 2. HP: 22/27 MP: 1/1
   172 | D:2      | Reached skill level 5 in Unarmed Combat
   205 | D:3      | Reached XP level 3. HP: 29/33 MP: 2/2
   285 | D:4      | Reached XP level 4. HP: 39/41 MP: 3/3
   309 | D:5      | Entered Level 5 of the Dungeon
   309 | D:5      | Noticed an ogre
   309 | D:5      | Noticed Anothat's ghost (novice GrFi)
   326 | D:5      | Noticed Duvessa
   326 | D:5      | Noticed Dowan
   410 | D:6      | Noticed an ogre
   424 | D:6      | Reached skill level 6 in Unarmed Combat
   424 | D:6      | Reached XP level 5. HP: 25/47 MP: 4/4
   480 | D:7      | Noticed an orc warrior
   486 | D:7      | Noticed a sky beast
   507 | D:7      | Killed a sky beast
   507 | D:7      | Reached skill level 5 in Fighting
   515 | D:7      | Reached XP level 6. HP: 29/56 MP: 5/5
   582 | D:7      | Noticed a hippogriff
   589 | D:7      | Killed a hippogriff
   691 | D:6      | Found an ancient bone altar of Kikubaaqudgha.
   693 | D:6      | Found a sacrificial altar of Ru.
   693 | D:6      | Found a burning altar of Makhleb.
   696 | D:6      | Found a stormy altar of Qazlal.
   697 | D:6      | Found a sparkling altar of Nemelex Xobeh.
   698 | D:6      | Found a shattered altar of Ashenzari.
   726 | D:6      | Found a snail-covered altar of Cheibriados.
   731 | D:6      | Became a worshipper of Cheibriados the Contemplative
   731 | D:6      | Reached * piety under Cheibriados
   731 | D:6      | Reached ** piety under Cheibriados
   794 | D:6      | Killed an ogre
   794 | D:6      | Reached skill level 7 in Unarmed Combat
   794 | D:6      | Reached skill level 1 in Invocations
   812 | D:6      | Reached skill level 5 in Dodging
   812 | D:6      | Reached XP level 7. HP: 35/62 MP: 6/6
   882 | D:7      | Was placed under penance by Cheibriados
   882 | D:7      | Slain by an orc warrior

Action                   |  1- 3 |  4- 6 |  7- 9 || total
-------------------------+-------+-------+-------++-------
Melee: Unarmed           |    56 |    84 |     7 ||   147
Throw: Throwing net      |       |     1 |       ||     1
Evoke: Wand              |     1 |     4 |       ||     5
  Use: Scroll            |     1 |     6 |       ||     7
       Potion            |       |     3 |     1 ||     4
